 Dungeon Sprint DCSS version 0.31-a0-588-g14bffd4ff3 (webtiles) character file.

Game seed: 14732091070937479913

441 Conn the Arsonist (level 7, 0/41 HPs)
             Began as an Octopode Fire Elementalist on Aug 19, 2023.
             Was an Initiate of Sif Muna.
             Shot with an arrow by a centaur warrior (20 damage)
             ... in the Dungeon (Sprint I: "Red Sonja").
             The game lasted 00:03:34 (326 turns).

Conn the Arsonist (Octopode Fire Elementalist)       Turns: 326, Time: 00:03:35

Health: 0/41       AC:  1    Str:  8    XL:     7   Next: 2%
Magic:  5/18       EV: 14    Int: 19    God:    Sif Muna [......]
Gold:   297        SH:  0    Dex: 12    Spells: 12/22 levels left

rFire   . . .        h - +0 dagger (venom)
rCold   . . .        (no shield)
rNeg    . . .        (helmet restricted)
rPois   .            (no amulet)
rElec   .            (no ring)
rCorr   .            (no ring)
SInv    .            (no ring)
Will    .....        (no ring)
Stlth   ++++         (no ring)
HPRegen 0.26/turn    (no ring)
MPRegen 0.16/turn    (no ring)
                     (no ring)

%: no teleportation
@: hasted, very quick
A: almost no armour, amphibious, 8 rings, camouflage 1, gelatinous body 1,
(nimble swimmer 1), tentacles
a: Renounce Religion


You were in the Dungeon.
You worshipped Sif Muna.
Sif Muna was noncommittal.
You visited 1 branch You collected 297 gold pieces.

Inventory:

Hand Weapons
 h - a +0 dagger of venom (weapon)
Wands
 g - a wand of polymorph (8)
Scrolls
 f - a scroll of blinking
Potions
 a - 3 potions of magic
 b - a potion of curing
 c - a potion of heal wounds
 e - a potion of berserk rage
 i - a potion of enlightenment {unknown}


   Skills:
 + Level 0.3 Fighting
 + Level 4.2 Dodging
 + Level 4.7 Stealth
 - Level 0.7 Unarmed Combat
 * Level 8.4 Spellcasting
 * Level 5.3 Conjurations
 + Level 1.0 Hexes
 + Level 9.3 Fire Magic


You had 12 spell levels left.
You knew the following spells:

 Your Spells              Type           Power      Damage    Failure   Level
a - Foxfire               Conj/Fire      100%       2x1d9     1%          1
b - Scorch                Fire           86%        2d8       1%          2
c - Inner Flame           Hex/Fire       27%        N/A       3%          3
d - Flame Wave            Conj/Fire      35%        2d10      4%          4

Your spell library contained the following spells:

 Spells                   Type           Power      Damage    Failure   Level
 Volatile Blastmotes      Fire/Tloc      50%        2d14      3%          3


Dungeon Overview and Level Annotations

Branches:
Dungeon (1/1)

Altars:
Cheibriados
Dithmenos
Fedhas
Gozag
Hepliaklqana
Kikubaaqudgha
Okawaru
Qazlal
Ru
Sif Muna
Trog
Uskayaw
Vehumet
Wu Jian
Yredelemnul
Zin

Shops:
D :


Innate Abilities, Weirdness & Mutations

You cannot wear most types of armour.
You are amphibious.
You can wear up to eight rings at the same time.
Your skin changes colour to match your surroundings (Stealth+).
Your rubbery body absorbs attacks. (AC +1, EV +1)
((You are camouflaged when in or above water. (Stealth+)))
You have tentacles for arms and can constrict up to eight enemies at once.


Message History

Casting: Scorch (safe; 1% risk of failure)
Confirm with . or Enter, or press ? or * to list all spells.
Flames lash the yak.
The yak is burned terribly!
You kill the yak!
Sif Muna accepts your kill.
The centaur warrior wields a +0 shortbow.
The centaur warrior shoots an arrow.
The arrow hits you!
Your Spellcasting skill increases to level 8!
Your Conjurations skill increases to level 5!
Your Hexes skill increases to level 1!
Your Fire Magic skill increases to level 9!
You have reached level 7!
Unknown command.
Okay, then.
Casting: Scorch (safe; 1% risk of failure)
Confirm with . or Enter, or press ? or * to list all spells.
Flames lash the centaur warrior.
Flame seeps out of the centaur warrior.
The centaur warrior is moderately wounded.
The centaur warrior's fire resistance burns away.
Casting: Scorch (safe; 1% risk of failure)
Confirm with . or Enter, or press ? or * to list all spells.
Flames lash the centaur warrior.
The centaur warrior is burned terribly!
Flame seeps out of the centaur warrior.
The centaur warrior is moderately wounded.
Unknown command.
Casting: Scorch (safe; 1% risk of failure)
Confirm with . or Enter, or press ? or * to list all spells.
You conjure some foxfire!
The centaur warrior unwields a +0 shortbow.
The centaur warrior closely misses you. x2
Unknown command.
Your foxfire dissipates!
The foxfire hits the centaur warrior!
The centaur warrior is burned terribly!
Flame seeps out of the centaur warrior.
The centaur warrior is heavily wounded.
The centaur warrior is engulfed in blazing flames.
Flame seeps out of the centaur warrior.
The centaur warrior wields a +0 shortbow.
The centaur warrior shoots an arrow.
The arrow hits you!!
You die...

################
#§.#..').#..'..#
#..[.§#..').#@§+
#..#####'#####'# #..#
#..#...#c# #..#
_####..##c# #..#
____##'#_§§§~§§
#⌠⌠#_.∩...Y..._#~§c§c#
####_..__##_.#'##+#


____ ##+#.# ### ### You could see 2 centaur warriors.

Vanquished Creatures
  Sigmund (D)
  A yak (D)
  An ogre (D)
  A jelly (D)
  Ijyb (D)
5 creatures vanquished.

Vanquished Creatures (others)
  15 foxfires (D)
15 creatures vanquished.

Grand Total: 20 creatures vanquished

Notes
Turn   | Place    | Note
-------+----------+-------------------------------------------
     0 | D        | Conn the Octopode Fire Elementalist began the quest for the
                  | Orb.
     0 | D        | Reached XP level 1. HP: 11/11 MP: 3/3
     1 | D        | Noticed Ijyb
     8 | D        | Killed Ijyb
     9 | D        | Reached skill level 5 in Fire Magic
     9 | D        | Reached XP level 2. HP: 17/17 MP: 0/6
     9 | D        | Reached XP level 3. HP: 21/21 MP: 0/7
    94 | D        | Learned a level 2 spell: Scorch
    98 | D        | Learned a level 3 spell: Inner Flame
    99 | D        | Noticed an ogre
   104 | D        | Killed an ogre
   105 | D        | Reached skill level 6 in Fire Magic
   105 | D        | Reached XP level 4. HP: 27/27 MP: 2/10
   178 | D        | Noticed Sigmund
   180 | D        | Killed Sigmund
   181 | D        | Reached skill level 8 in Fire Magic
   181 | D        | Reached XP level 5. HP: 31/31 MP: 4/14
   181 | D        | Reached XP level 6. HP: 36/36 MP: 4/15
   188 | D        | Learned a level 4 spell: Flame Wave
   267 | D        | Found a shimmering blue altar of Sif Muna.
   268 | D        | Found an ornate altar of the Wu Jian Council.
   269 | D        | Found a radiant altar of Vehumet.
   275 | D        | Became a worshipper of Sif Muna the Loreminder
   302 | D        | Found Xienenac's Book Emporium.
   302 | D        | Found an ancient bone altar of Kikubaaqudgha.
   302 | D        | Found a hazy altar of Hepliaklqana.
   302 | D        | Found a hide-covered altar of Uskayaw.
   302 | D        | Found a basalt altar of Yredelemnul.
   302 | D        | Found an opulent altar of Gozag.
   302 | D        | Found a snail-covered altar of Cheibriados.
   302 | D        | Found a sacrificial altar of Ru.
   302 | D        | Found a shadowy altar of Dithmenos.
   302 | D        | Noticed a yak
   303 | D        | Found a stormy altar of Qazlal.
   303 | D        | Found a blossoming altar of Fedhas.
   303 | D        | Found a bloodstained altar of Trog.
   303 | D        | Found an iron altar of Okawaru.
   303 | D        | Found a glowing silver altar of Zin.
   307 | D        | Noticed a centaur warrior
   310 | D        | Noticed a centaur warrior
   322 | D        | Killed a yak
   323 | D        | Reached skill level 5 in Conjurations
   323 | D        | Reached skill level 1 in Hexes
   323 | D        | Reached skill level 9 in Fire Magic
   323 | D        | Reached XP level 7. HP: 19/41 MP: 10/18
   326 | D        | Shot with an arrow by a centaur warrior

Illustrated notes

Levels and vault maps discovered:
D:        dungeon_sprint_1 [red_sonja_temple_1, red_sonja_temple_small_1]

Skill      XL: |  1  2  3  4  5  6 |
---------------+-------------------+-----
Stealth        | 3 4 |  4.7
Spellcasting   | 3 4 6 8 |  8.4
Fire Magic     | 5 6 8 9 |  9.3
Dodging        | 3 4 |  4.2
Conjurations   | 2 4 5 |  5.3
Hexes          | 1 |  1.0
Fighting       | |  0.3
Unarmed Combat | |  0.7

Action                     |  1- 3 |  4- 6 |  7- 9 || total
---------------------------+-------+-------+-------++-------
  Melee: Unarmed           |     4 |       |       ||     4
   Cast: Foxfire           |     6 |     2 |     1 ||     9
         Scorch            |     1 |     9 |     2 ||    12
         Inner Flame       |       |     4 |       ||     4
    Use: Potion            |       |     2 |       ||     2
 Armour: Skin              |     1 |       |       ||     1
  Dodge: Dodged            |     1 |     8 |     2 ||    11

Table legend: (Time is in decaauts)
 A = Elapsed time spent in this place.
 B = Non-inter-level travel time spent in this place.
 C = Inter-level travel time spent in this place.
 D = Time resting spent in this place.
 E = Time spent auto-exploring this place.
 F = Levels seen in this place.
 G = Mean time per level.
                   A        B        C        D        E       F      G
               +--------+--------+--------+--------+--------+-----+--------+
         Total |    320 |    320 |      0 |    192 |      0 |   1 |  320.0 |
       Dungeon |    320 |    320 |      0 |    192 |      0 |   1 |  320.0 |
               +--------+--------+--------+--------+--------+-----+--------+

Top non-repeatable levels by time:
       D: 320 daAuts
